 Dungeon Crawl Stone Soup version 0.30-a0-116-g3b1a8e4ee4 (webtiles) character file.

Game seed: 10270143110424782482

46 porpoise the Poker (level 3, 0/29 HPs)
             Began as a Demonspawn Gladiator on Sept 13, 2022.
             Slain by an orc priest
             ... wielding a +0 mace
              (2 damage)
             ... on level 3 of the Dungeon.
             The game lasted 00:03:57 (1420 turns).

porpoise the Poker (Demonspawn Gladiator)           Turns: 1420, Time: 00:03:58

Health: 0/29       AC: 10    Str: 16    XL:     3   Next: 44%
Magic:  3/3        EV: 12    Int:  9    God:
Gold:   116        SH:  0    Dex: 14    Spells: 2/2 levels left

rFire   . . .      SeeInvis .    a - +0 trident
rCold   . . .      Faith    .    (no shield)
rNeg    . . .      Spirit   .    f - +0 leather armour
rPois   .          Reflect  .    c - +0 helmet
rElec   .          Harm     .    (no cloak)
rCorr   .          Rampage  .    o - +0 pair of gloves
Will    .....                    h - +0 pair of boots
Stlth   +.........               (no amulet)
HPRegen 0.09/turn                q - +4 ring of protection
MPRegen 0.08/turn                (no ring)

@: no status effects
A: demonic guardian 1
a: no special abilities


You were on level 3 of the Dungeon.
You visited 1 branch of the dungeon, and saw 3 of its levels.

You collected 116 gold pieces.

Inventory:

Hand Weapons
 a - a +0 trident (weapon)
 b - a +0 sling
Missiles
 d - 3 throwing nets (quivered)
 e - 5 javelins
 m - 2 atropa-tipped darts
 p - 4 boomerangs
Armour
 c - a +0 helmet (worn)
 f - a +0 leather armour (worn)
 h - a +0 pair of boots (worn)
 o - a +0 pair of gloves (worn)
Jewellery
 q - a +4 ring of protection (left hand)
Wands
 t - a wand of polymorph (7)
Scrolls
 g - 2 scrolls of enchant weapon {unknown}
 k - a scroll of noise {unknown}
 l - 2 scrolls of identify {unknown}
 n - a scroll of fog {unknown}
 r - a scroll of immolation {unknown}
 s - a scroll of torment {unknown}
Potions
 i - a potion of resistance {unknown}
 j - a potion of heal wounds {unknown}


   Skills:
 + Level 3.0 Fighting
 + Level 3.4 Polearms
 - Level 1.7 Throwing
 - Level 2.6 Dodging


You had 2 spell levels left.
You didn't know any spells.
Your spell library contained the following spells:

 Spells                   Type           Power      Damage    Failure   Level
 Hailstorm                Conj/Ice       0%         3d3       99%         4
 Ice Form                 Ice/Tmut       0%         N/A       99%         4
 Simulacrum               Ice/Necr       0%         N/A       100%        6


Dungeon Overview and Level Annotations

Branches:
Dungeon (3/15)

Altars:


Innate Abilities, Weirdness & Mutations

A weak demonic guardian rushes to your aid.


Message History

The orc priest calls down the wrath of Beogh upon you.
Beogh smites you!
You hit the orc but do no damage.
The orc is lightly wounded.
The orc hits you but does no damage.
You hit the orc.
You kill the orc!
The orc barely misses you.
Reach: a) +0 trident
Press: ? - help, Dir - move target, f - orc priest
Aim: an orc priest, wielding a +0 mace (about 41% to evade your +0 trident)
You reach to attack!
You closely miss the orc priest.
A hobgoblin comes into view.
The orc closely misses you.
Unknown command.
Reach: a) +0 trident
Press: ? - help, Dir - move target, f/p - orc priest
Aim: an orc priest, wielding a +0 mace (about 41% to evade your +0 trident)
The orc is in the way.
The hobgoblin shouts!
You puncture the orc!
You kill the orc!
The orc priest invokes the aid of Beogh against you.
Beogh smites you!
Ouch! That really hurt!
* * * LOW HITPOINT WARNING * * *
A demonic guardian appears!
Reach: a) +0 trident
Press: ? - help, Dir - move target, f/p - orc priest
Aim: an orc priest, wielding a +0 mace (ally target, about 41% to evade your +0 trident)
You reach to attack!
You hit the orc priest.
The orc priest is lightly wounded.
Unknown command.
Reach: a) +0 trident
Press: ? - help, Dir - move target, f/p - orc priest
Aim: an orc priest, wielding a +0 mace (lightly wounded, ally target, about 41% to evade your +0 trident)
You hit the orc priest.
The orc priest is moderately wounded.
The orc priest hits you with a +0 mace.
You die...

####
#..
#5#
#@#
#o#
..#
...#
#.g.#
##...
#...
#..#


You could see an orc priest (ally target), a hobgoblin and a friendly iron imp
(summoned).

Vanquished Creatures
  An adder (D:2)
  3 orcs (D:3)
  7 endoplasms
  4 goblins
  A hobgoblin (D:2)
  A quokka (D:2)
  2 ball pythons
  4 bats
  2 frilled lizards
  A kobold (D:2)
  6 rats
32 creatures vanquished.

Vanquished Creatures (collateral kills)
  A quokka (D:2)
1 creature vanquished.

Grand Total: 33 creatures vanquished

Notes
Turn   | Place    | Note
-------+----------+-------------------------------------------
     0 | D:1      | porpoise the Demonspawn Gladiator began the quest for the
                  | Orb.
     0 | D:1      | Reached XP level 1. HP: 16/16 MP: 1/1
   272 | D:1      | Gained mutation: A weak demonic guardian rushes to your
                  | aid. [demonic ancestry]
   272 | D:1      | Reached XP level 2. HP: 23/23 MP: 2/2
   466 | D:2      | Found a faded altar of an unknown god.
  1110 | D:2      | Reached XP level 3. HP: 28/28 MP: 3/3
  1420 | D:3      | Slain by an orc priest

Illustrated notes

Levels and vault maps discovered:
D:1:      psy_arrival_whirlpool, layout_rooms
D:2:      layout_basic, hellmonk_ecumenical_altar_pennies_from_heaven
D:3:      layout_rooms, mainiacjoe_overflow_brackets, vehumet_crystals

Skill      XL: |  1  2  3 |
---------------+----------+-----
Polearms       | 3 |  3.4
Fighting       | 3 |  3.0
Throwing       | |  1.7
Dodging        | |  2.6

Action                   || total
-------------------------++-------
Melee: Trident           ||    94
 Stab: Sleeping          ||     3
Armor: Leather armour    ||    22
Dodge: Dodged            ||    33

Table legend: (Time is in decaauts)
 A = Elapsed time spent in this place.
 B = Non-inter-level travel time spent in this place.
 C = Inter-level travel time spent in this place.
 D = Time resting spent in this place.
 E = Time spent auto-exploring this place.
 F = Levels seen in this place.
 G = Mean time per level.
                   A        B        C        D        E       F      G
               +--------+--------+--------+--------+--------+-----+--------+
         Total |   1437 |   1409 |     28 |    119 |   1000 |   3 |  479.0 |
       Dungeon |   1437 |   1409 |     28 |    119 |   1000 |   3 |  479.0 |
               +--------+--------+--------+--------+--------+-----+--------+

Top non-repeatable levels by time:
     D:2: 970 daAuts
     D:1: 453 daAuts
     D:3: 13 daAuts
